[Event "Early-Titled-Tuesday-Blitz-February-13-2024"]
[Site "Chess.com"]
[Date "2024.02.13"]
[Round "1"]
[White "Rud_Makarian"]
[Black "NovoselovRoman"]
[Result "1-0"]
[WhiteElo "3040"]
[BlackElo "2536"]
[TimeControl "180+1"]
[EndTime "8:06:06 PST"]
[Termination "Rud_Makarian won by resignation"]

1. d4 Nf6 2. c4 e5 3. dxe5 Ng4 4.
e4 Nxe5 5. f4 Nec6 6. Nc3 d6 7.
Qh5 Nd7 8. Bd3 Be7 9. Qe2 Nc5 10.
Nf3 Nxd3+ 11. Qxd3 O-O 12. O-O a5 13. Be3 Bf6 14. Nd4 Nxd4 15. Bxd4 Bxd4+ 16. Qxd4 Bd7 17. b3 Re8 18. Rae1 a4 19. b4 a3 20. Nd5 Bc6 21. Nc3 b6 22. Re3 Re6 23. Nd5 Qd7 24. Rg3 Rg6 25. Rxg6 hxg6 26. f5 Bxd5 27. Qxd5 gxf5 28. Qxa8+ 1-0

[Event "Early-Titled-Tuesday-Blitz-February-13-2024"]
[Site "Chess.com"]
[Date "2024.02.13"]
[Round "1"]
[White "BlueWizzard"]
[Black "Tolyanius"]
[Result "1-0"]
[WhiteElo "2869"]
[BlackElo "2486"]
[TimeControl "180+1"]
[EndTime "8:06:06 PST"]
[Termination "BlueWizzard won by resignation"]

1. d4 Nf6 2. Nc3 c5 3. Nf3 cxd4 4. Nxd4 Nc6 5. Bg5 Qa5 6. Bxf6 gxf6 7. Nb3 Qe5 8. Qd2 e6 9. f4 Qb8 10. O-O-O Be7 11. h4 h5 12. Rh3 b5 13. e4 a6 14.
Nd5 Bd8 15. Nc5 exd5 16. exd5 Ne7 17. d6 Nf5 18. Rd3 Kf8 19. g3 Bb6 20. Qc3 Rh6 21. Bh3 Bxc5 22. Qxc5 Ng7 23. Re1 Ne6 24. Bxe6 fxe6 25.
Rxe6 Qa7 26. Qxa7 Rxa7 27. Re7 Rg6 28. Rde3 Ra8 29. Re8+ 1-0

[Event "Early-Titled-Tuesday-Blitz-February-13-2024"]
[Site "Chess.com"]
[Date "2024.02.13"]
[Round "1"]
[White "invisible_s0ul"]
[Black "ukchessbomber"]
[Result "0-1"]
[WhiteElo "2215"]
[BlackElo "2602"]
[TimeControl "180+1"]
[EndTime "8:06:09 PST"]
[Termination "ukchessbomber won by resignation"]

1. e4 a6 2. d4 b5 3. b3 Bb7 4. Bd3 c5 5. c3 d6 6. Bc2 g6 7.
Be3 Bg7 8. dxc5 Nf6 9. cxd6 O-O 10. f3 exd6 11. Ne2 d5 12. e5 Nfd7 13. f4 Qh4+ 14. Bf2 Qg4 15. Bg3 g5 16. Qd3 f5 17.
exf6 Nxf6 18. fxg5 Ne4 19. Nd2 Re8 20. O-O Qxg5 21.
Nxe4 dxe4 22. Qd1 Nc6 23. Nd4 Rad8 24. Bf4 Qg6 25. Qe2 Bxd4+ 26. cxd4 Nxd4 27. Qf2 e3 28. Qg3 Ne2+ 29. Kh1 Nxg3+ 0-1

[Event "Early-Titled-Tuesday-Blitz-February-13-2024"]
[Site "Chess.com"]
[Date "2024.02.13"]
[Round "1"]
[White "Zq1"]
[Black "iwanyu"]
[Result "0-1"]
[WhiteElo "2485"]
[BlackElo "2868"]
[TimeControl "180+1"]
[EndTime "8:06:10 PST"]
[Termination "iwanyu won by resignation"]

1. d4 Nf6 2. c4 c5 3. Nf3 cxd4 4. Nxd4 e5 5. Nb5 d5 6. cxd5 Bc5 7. N5c3 O-O 8. g3 Ng4 9. e3 f5 10. Be2 Nd7 11.
O-O Ndf6 12. Nd2 Qe8 13. Nf3 e4 14. Nd4 Qh5 15. h4 g5 16. Kg2 gxh4 17. Rh1 h3+ 18.
Kg1 Kh8 19. Rh2 Qh6 20. Rh1 Rg8 21. b4 Bd6 22. Ne6 h2+ 23. Kg2 Nxf2 24. Qd4 Qh3+ 0-1

[Event "Early-Titled-Tuesday-Blitz-February-13-2024"]
[Site "Chess.com"]
[Date "2024.02.13"]
[Round "1"]
[White "viktorskliarov"]
[Black "giovannibrandao7"]
[Result "1-0"]
[WhiteElo "2605"]
[BlackElo "2231"]
[TimeControl "180+1"]
[EndTime "8:06:10 PST"]
[Termination "viktorskliarov won by resignation"]

1. e4 c5 2. Nf3 d6 3. d4 cxd4 4.
Qxd4 Nc6 5. Bb5 Bd7 6. Bxc6 Bxc6 7. Nc3 e6 8. Bg5 Nf6 9. O-O-O Be7 10. Rhe1 Qc7 11. Bxf6 gxf6 12. Nd5 Bxd5 13. exd5 e5 14. Qe4 O-O-O 15. Re3 Kb8 16. Ra3 Qd7 17. Nh4 Rhg8 18. Nf5 Rg5 19. g4 h5 20. f3 hxg4 21. fxg4 Rgg8 22.
Rdd3 Rc8 23. Rac3 Rxc3 24. Rxc3 Bd8 25. h4 Qb5 26. Qc4 Qxc4 27. Rxc4 Bc7 28. h5 1-0

[Event "Early-Titled-Tuesday-Blitz-February-13-2024"]
[Site "Chess.com"]
[Date "2024.02.13"]
[Round "1"]
[White "Helenita13"]
[Black "2346PL"]
[Result "0-1"]
[WhiteElo "1983"]
[BlackElo "2562"]
[TimeControl "180+1"]
[EndTime "8:06:10 PST"]
[Termination "2346PL won by resignation"]

1. e4 c5 2. Nf3 Nf6 3. e5 Nd5 4. c3 d6 5. d4 e6 6. Bd3 Nc6 7. exd6 Bxd6 8. O-O O-O 9. dxc5 Bxc5 10. Be4 Nf6 11. Bc2 Qxd1 12. Rxd1 b6 13. Bg5 Be7 14. Nbd2 Ba6 15. Nb3 h6 16. Bf4 Rfd8 17. Nbd4 Nxd4 18.
Nxd4 Nd5 19. Nc6 Nxf4 20. Nxe7+ Kf8 21. Nc6 Rdc8 22. Nd4 g6 23. Be4 Rab8 24. g3 Nd5 25. Bxd5 exd5 26. Kg2 Bb7 27. Re1 a6 28. Re5 b5 29. a3 Re8 30. Rae1 Rxe5 31. Rxe5 Rc8 32.
f4 Rc4 33. f5 g5 34. f6 a5 35. Re6 fxe6 36. Nxe6+ Kf7 37. Nd8+ Kxf6 38. Nxb7 b4 39. Nxa5 bxc3 40. Nxc4 c2 0-1

[Event "Early-Titled-Tuesday-Blitz-February-13-2024"]
[Site "Chess.com"]
[Date "2024.02.13"]
[Round "1"]
[White "nekotyanof"]
[Black "Viktor_Poddubnyi"]
[Result "1-0"]
[WhiteElo "2640"]
[BlackElo "2291"]
[TimeControl "180+1"]
[EndTime "8:06:12 PST"]
[Termination "nekotyanof won on time"]

1. e4 g6 2. d4 Bg7 3. Nc3 d6 4. Be3 a6 5. h4 h5 6. a4 Nf6 7. f3 Nc6 8. Nh3 Bxh3 9. Rxh3 e5 10. d5 Nd4 11. Nb1 c5 12. c3 Qb6 13. cxd4 Qxb2 14. Nd2 cxd4 15. Nc4 Qb4+ 16. Bd2 Qc5 17. Qb3 O-O 18. Bb4 Qc8 19. Nb6 Qc7 20. Nxa8 Rxa8 21. Bd3 Rc8 22. Ke2 Nd7 23. Rhh1 Nc5 24.
Bxc5 dxc5 25. Rhc1 Bh6 26. Rc2 Qe7 27. Rh1 Qf6 28.
Qxb7 Rf8 29. g3 g5 30. Qxa6 1-0

[Event "Early-Titled-Tuesday-Blitz-February-13-2024"]
[Site "Chess.com"]
[Date "2024.02.13"]
[Round "1"]
[White "Klavdia_Nik"]
[Black "Statham_01"]
[Result "0-1"]
[WhiteElo "2130"]
[BlackElo "2577"]
[TimeControl "180+1"]
[EndTime "8:06:12 PST"]
[Termination "Statham_01 won on time"]

1. Nf3 d5 2. c4 e6 3. b3 Nf6 4.
Bb2 c5 5. g3 Nc6 6. Bg2 d4 7. O-O e5 8. d3 Bd6 9. a3 O-O 10. b4 cxb4 11. axb4 Bxb4 12. Ba3 Bxa3 13. Nxa3 Qe7 14. Nd2 Bg4 15. Re1 Nb4 16. h3 Bh5 17. g4 Bg6 18. Nf3 a5 19. Nh4 Rad8 20. Nxg6 fxg6 21. Nb5 b6 22. Qd2 h5 23. g5 Nh7 24. h4 Rf4 25. Be4 Rxh4 26. Bxg6 Rg4+ 27.
Kf1 Nxg5 28. Bxh5 Rf4 29. Kg2 Rdf8 30. f3 Ne4 31. dxe4 Qg5+ 32. Bg4 Rxg4+ 0-1

[Event "Early-Titled-Tuesday-Blitz-February-13-2024"]
[Site "Chess.com"]
[Date "2024.02.13"]
[Round "1"]
[White "suspiciumchess"]
[Black "LikeWater"]
[Result "0-1"]
[WhiteElo "2423"]
[BlackElo "2762"]
[TimeControl "180+1"]
[EndTime "8:06:16 PST"]
[Termination "LikeWater won on time"]

1. d4 Nf6 2. c4 e6 3. g3 c5 4. d5 exd5 5. cxd5 d6 6. Nc3 g6 7.
Bg2 Bg7 8. Nf3 O-O 9. O-O a6 10. a4 Nbd7 11. Re1 Re8 12. h3 Ne4 13. Nxe4 Rxe4 14.
Qc2 Rb4 15. Nd2 Ne5 16. f4 Nd7 17. Nc4 Nb6 18. Ne3 Qe7 19. a5 Bd4 20. axb6 Bf5 21. Qd2 Rxb2 22. Qxb2 Bxb2 23. Bxb2 Qxe3+ 24. Kh2 Qf2 25.
e4 Bxe4 26. Rxe4 Qxb2 27. Rae1 Qxb6 28. h4 h5 29. f5 Rf8 30. Bh3 Qb3 31. R1e2 a5 32.
Rf4 Qd3 33. Ref2 Kg7 0-1

[Event "Early-Titled-Tuesday-Blitz-February-13-2024"]
[Site "Chess.com"]
[Date "2024.02.13"]
[Round "1"]
[White "DucksParadise"]
[Black "Antipov_Mikhail_Al"]
[Result "0-1"]
[WhiteElo "2513"]
[BlackElo "2953"]
[TimeControl "180+1"]
[EndTime "8:06:17 PST"]
[Termination "Antipov_Mikhail_Al won by resignation"]

1. g3 e5 2. Bg2 d5 3. Nf3 Nc6 4. d4 e4 5. Ne5 Nce7 6. f3 f6 7. Ng4 exf3 8. exf3 h5 9. Ne3 h4 10. O-O hxg3 11. hxg3 Bh3 12. Bxh3 Rxh3 13. Kg2 Qd7 14. Nc3 O-O-O 15. Ng4 Rh8 16. Rh1 Rxh1 17. Qxh1 Nf5 18. Ne2 Re8 19. Qd1 Bd6 20. Bf4 Bxf4 21.
Nxf4 Ngh6 22. Kf2 Nxg4+ 23. fxg4 Ne3 24. Qf3 Nxg4+ 25. Kg2 Re3 26. Qxd5 Re2+ 27. Kf3 0-1

[Event "Early-Titled-Tuesday-Blitz-February-13-2024"]
[Site "Chess.com"]
[Date "2024.02.13"]
[Round "1"]
[White "Jamal-Jamal-Jamal"]
[Black "Mikasinski"]
[Result "0-1"]
[WhiteElo "2334"]
[BlackElo "2665"]
[TimeControl "180+1"]
[EndTime "8:06:18 PST"]
[Termination "Mikasinski won on time"]

1. e4 c5 2. Nf3 d6 3. d4 cxd4 4. Qxd4 a6 5. Be2 Nc6 6. Qe3 g6 7. c4 Bg7 8. O-O Nf6 9. h3 O-O 10. Rd1 Qa5 11. Nc3 Be6 12. Rb1 Rac8 13. Nd5 Nxe4 14. b4 Qxa2 15. Qxe4 Bf5 16. Nxe7+ Nxe7 17. Qxe7 Qxb1 18. Bf4 Qxb4 19. Bxd6 Qb3 20. Nd4 Bxd4 21. Rxd4 Rfe8 22. Qg5 Rxe2 23. Rf4 Qd1+ 24. Kh2 Qxd6 25. g3 Qd2 26. Kg1 Rxc4 0-1

[Event "Early-Titled-Tuesday-Blitz-February-13-2024"]
[Site "Chess.com"]
[Date "2024.02.13"]
[Round "1"]
[White "GrumbleBruno"]
[Black "AlexeiShirov"]
[Result "0-1"]
[WhiteElo "2463"]
[BlackElo "2829"]
[TimeControl "180+1"]
[EndTime "8:06:19 PST"]
[Termination "AlexeiShirov won by resignation"]

1. e4 e5 2. Nf3 Nc6 3. Bb5 a6 4. Ba4 Nf6 5. d4 Nxd4 6. Nxd4 exd4 7. O-O Be7 8. e5 Ne4 9. Qg4 Ng5 10. f4 h5 11. Qe2 Ne6 12. f5 Nc5 13. Bb3 d5 14. f6 Bf8 15. Bg5 Qd7 16. Nd2 Qg4 17.
Nf3 Be6 18. h3 Qe4 19. Qd2 d3 20. Rae1 Qg6 21. Re3 Ne4 22. Rxe4 Qxe4 23. Re1 Qg6 24. cxd3 O-O-O 25. Nd4 Bc5 26. Be3 gxf6 27. exf6 Qxf6 28.
Nxe6 Bxe3+ 29. Rxe3 fxe6 30. Rf3 Qd4+ 31. Kh1 Rdf8 0-1

[Event "Early-Titled-Tuesday-Blitz-February-13-2024"]
[Site "Chess.com"]
[Date "2024.02.13"]
[Round "1"]
[White "Akylbek2021"]
[Black "chucksterf10"]
[Result "0-1"]
[WhiteElo "2282"]
[BlackElo "2632"]
[TimeControl "180+1"]
[EndTime "8:06:21 PST"]
[Termination "chucksterf10 won by resignation"]

1. d4 b6 2. Nf3 Nf6 3. c4 Ba6 4. Qc2 e6 5. g3 d5 6. cxd5 exd5 7. Bg2 Bd6 8. O-O O-O 9. Nc3 Re8 10. Bg5 c6 11.
Rac1 h6 12. Bf4 Bxf4 13. gxf4 Ne4 14. e3 Bxf1 15. Rxf1 Nxc3 16. Qxc3 Qd6 17. Kh1 Nd7 18. Rg1 Nf6 19. Ne5 c5 20. Bf3 Ne4 21. Bxe4 dxe4 22.
dxc5 Qxc5 23. Qb3 Re7 24. Qa4 Rc8 25. h4 b5 26. Qa6 f6 27. Qxf6 Rf8 28. Qxh6 Qb6 29. Ng6 gxh6 30. Nxe7+ Kh7 31. Nd5 Qd8 32. f5 Qxh4+ 0-1

[Event "Early-Titled-Tuesday-Blitz-February-13-2024"]
[Site "Chess.com"]
[Date "2024.02.13"]
[Round "1"]
[White "rockstar0902"]
[Black "treadstone_71"]
[Result "0-1"]
[WhiteElo "2605"]
[BlackElo "2285"]
[TimeControl "180+1"]
[EndTime "8:06:21 PST"]
[Termination "treadstone_71 won by resignation"]

1. d4 Nf6 2. Nc3 d5 3. Bf4 g6 4. e3 Bg7 5. h4 h5 6. Nf3 O-O 7. Ne5 c5 8. f3 Qa5 9. Qd2 Nc6 10. Be2 cxd4 11. exd4 Nd7 12. g4 Ndxe5 13. dxe5 d4 14. Nb5 Qxd2+ 15. Bxd2 hxg4 16. fxg4 Nxe5 17. Rg1 Bd7 18.
Nxd4 Nxg4 19. Bxg4 Bxd4 20. Bxd7 Bxg1 21. O-O-O Rfd8 22. Bb5 Bh2 23. Rh1 Be5 24. h5 gxh5 25.
Bd3 Rxd3 26. cxd3 Rc8+ 27. Kb1 Bf6 28. Rxh5 b6 29. a4 Rc5 30. Rxc5 bxc5 31. Be3 Bd4 32. Bxd4 cxd4 33. b4 Kf8 34. b5 Ke8 35. a5 Kd7 36. b6 axb6 0-1

[Event "Early-Titled-Tuesday-Blitz-February-13-2024"]
[Site "Chess.com"]
[Date "2024.02.13"]
[Round "1"]
[White "Mops_2004"]
[Black "JG-17"]
[Result "1-0"]
[WhiteElo "2847"]
[BlackElo "2473"]
[TimeControl "180+1"]
[EndTime "8:06:23 PST"]
[Termination "Mops_2004 won by checkmate"]

1. g3 Nf6 2. Bg2 d5 3. Nf3 e6 4. O-O Be7 5. d3 O-O 6. Bf4 c5 7. a4 Nc6 8. e4 dxe4 9. dxe4 Nxe4 10. Ne5 Nxe5 11. Bxe5 Bf6 12. f4 Bxe5 13. fxe5 f5 14. Bxe4 fxe4 15. Qxd8 Rxd8 16. Nc3 b6 17. Nxe4 Rd5 18.
Rad1 Ba6 19. Rfe1 Rxe5 20. Nd6 Rd5 21. Rxd5 exd5 22. Re7 Rd8 23. Nf5 d4 24. Rxg7+ Kh8 25. Rxa7 d3 26. cxd3 Bxd3 27. Nh6 Bg6 28. g4 Rd1+ 29.
Kf2 Rd2+ 30. Kg3 Rxb2 31. g5 Be4 32. Re7 Bd3 33. Re8+ Kg7 34. Rg8# 1-0

[Event "Early-Titled-Tuesday-Blitz-February-13-2024"]
[Site "Chess.com"]
[Date "2024.02.13"]
[Round "1"]
[White "GM_dmitrij"]
[Black "toninhojit"]
[Result "1-0"]
[WhiteElo "3054"]
[BlackElo "2539"]
[TimeControl "180+1"]
[EndTime "8:06:24 PST"]
[Termination "GM_dmitrij won by resignation"]

1. d4 Nf6 2. Nf3 c5 3. d5 e6 4. Nc3 exd5 5. Nxd5 Nxd5 6. Qxd5 Be7 7. e4 O-O 8. Bc4 Nc6 9. O-O d6 10. c3 Be6 11.
Qd3 Ne5 12. Nxe5 dxe5 13. Qe2 Qb6 14. a4 Bxc4 15. Qxc4 Qg6 16. Be3 Rac8 17. Rad1 Kh8 18. Rd7 Bg5 19. Bxg5 Qxg5 20. Rxb7 f5 21. exf5 Qxf5 22.
Rxa7 Rcd8 23. Qxc5 Rd2 24. b4 h6 25. Re7 Re2 26.
a5 Rf6 27. g3 h5 28. Re8+ Kh7 29. Qc8 Qf3 30. Rh8+ Kg6 31. Qe8+ Rf7 32. Rf8 Rxf2 33.
Qxf7+ Qxf7 34. Rxf7 Rxf7 35. Rxf7 1-0

[Event "Early-Titled-Tuesday-Blitz-February-13-2024"]
[Site "Chess.com"]
[Date "2024.02.13"]
[Round "1"]
[White "AryanTari"]
[Black "MaxLeto"]
[Result "1-0"]
[WhiteElo "2922"]
[BlackElo "2509"]
[TimeControl "180+1"]
[EndTime "8:06:24 PST"]
[Termination "AryanTari won on time"]

1. d4 d5 2. Bf4 Nf6 3. e3 c5 4. dxc5 Nc6 5. Bb5 e6 6. b4 a5 7. c3 Bd7 8. a4 axb4 9. Bxc6 Bxc6 10. cxb4 b6 11. Nd2 bxc5 12. b5 Bb7 13. Ngf3 Be7 14.
O-O O-O 15. Qc2 Nd7 16. Rfd1 f6 17. e4 e5 18. Bg3 d4 19. Nc4 Nb6 20. Nfd2 Bc8 21.
a5 Nxc4 22. Nxc4 Be6 23. a6 Kh8 24. a7 Qc7 25. Ra6 Bc8 26. b6 Qb7 27. Ra3 Be6 28. Rb1 Bxc4 29. Qxc4 Rfc8 30. f3 Rc6 31. Qa6 Qxa6 32.
Rxa6 c4 33. b7 1-0

[Event "Early-Titled-Tuesday-Blitz-February-13-2024"]
[Site "Chess.com"]
[Date "2024.02.13"]
[Round "1"]
[White "Slovineanu"]
[Black "SchmakAttack"]
[Result "0-1"]
[WhiteElo "2441"]
[BlackElo "2795"]
[TimeControl "180+1"]
[EndTime "8:06:26 PST"]
[Termination "SchmakAttack won by resignation"]

1. d4 Nf6 2. Nf3 d5 3. c4 e6 4. e3 a6 5. b3 c5 6. Bd3 Nc6 7.
Bb2 Be7 8. O-O O-O 9. Nbd2 b6 10. Rc1 Bb7 11. Qe2 dxc4 12. bxc4 Qc7 13. d5 exd5 14.
cxd5 Nxd5 15. Bxh7+ Kxh7 16. Qd3+ f5 17. Qxd5 Rad8 18.
Qb3 b5 19. Qc3 Bf6 20. Qc2 Bxb2 21. Qxb2 c4 22. Ng5+ Kg8 23. Ne6 Qe5 24. Qxe5 Nxe5 25. Nxd8 Rxd8 26. Rcd1 Nd3 27. a4 Nb2 28. axb5 axb5 29.
Nxc4 Nxd1 30. Ne5 b4 0-1

[Event "Early-Titled-Tuesday-Blitz-February-13-2024"]
[Site "Chess.com"]
[Date "2024.02.13"]
[Round "1"]
[White "vidavi"]
[Black "Gabrielian_Artur"]
[Result "0-1"]
[WhiteElo "2430"]
[BlackElo "2776"]
[TimeControl "180+1"]
[EndTime "8:06:26 PST"]
[Termination "Gabrielian_Artur won by resignation"]

1. d4 Nf6 2. c4 c5 3. d5 e6 4. Nc3 exd5 5. cxd5 d6 6. e4 g6 7. f4 Bg7 8. Bb5+ Nfd7 9. a4 Na6 10. Nf3 Nb4 11.
O-O a6 12. Bxd7+ Bxd7 13. e5 O-O 14. Ne4 dxe5 15. Nxe5 Bf5 16. Nxc5 Rc8 17. Be3 Nc2 18. Qf3 Nxa1 19. Rxa1 Qe7 20. Rd1 Rfd8 21. b4 a5 22. g4 Bc2 23. Rd2 axb4 24. Rxc2 b3 25. Rb2 Rxc5 26. Bxc5 Qxc5+ 27. Kg2 Rxd5 28. Rxb3 Rd2+ 29.
Kh3 Qc2 30. Rxb7 Bxe5 31. fxe5 Rd3 0-1

[Event "Early-Titled-Tuesday-Blitz-February-13-2024"]
[Site "Chess.com"]
[Date "2024.02.13"]
[Round "1"]
[White "MokshAD1603"]
[Black "NM_Antelacus"]
[Result "0-1"]
[WhiteElo "2590"]
[BlackElo "2250"]
[TimeControl "180+1"]
[EndTime "8:06:29 PST"]
[Termination "NM_Antelacus won by checkmate"]

1. d4 Nf6 2. c4 e6 3. Nf3 b6 4. g3 Bb7 5. Bg2 Bb4+ 6. Bd2 Qe7 7. O-O O-O 8. Bf4 d5 9. a3 Bd6 10.
Ne5 Nbd7 11. Nc3 c6 12. b4 Bxe5 13. dxe5 Nh5 14. e4 Nxf4 15. gxf4 dxc4 16. Qd4 c5 17. Qxc4 Rac8 18. b5 Rfd8 19. Rfd1 Nf8 20. a4 Qh4 21. Ne2 Ng6 22. Qc1 Rxd1+ 23. Qxd1 Rd8 24. Qc1 Qg4 25. h3 Qxe2 26. f5 Nxe5 27. Qg5 f6 28. Qg3 Rd1+ 29. Rxd1 Qxd1+ 30. Kh2 exf5 31. exf5 Bxg2 32. Qxg2 Qd7 33. f4 Nd3 34.
Qc6 Qd8 35. Qb7 Nxf4 36. Qxa7 Nd5 37. Qb7 h6 38. Qc6 Kh7 39. Qe6 Qc7+ 40. Kg1 Qg3+ 41.
Kf1 Qxh3+ 42. Ke1 Qc3+ 43. Kd1 Ne3+ 44. Ke2 Nc4 45. Qf7 Qc2+ 46. Ke1 Qd2+ 47. Kf1 Ne3+ 48. Kg1 Qg2# 0-1

[Event "Early-Titled-Tuesday-Blitz-February-13-2024"]
[Site "Chess.com"]
[Date "2024.02.13"]
[Round "1"]
[White "santosalberto1987"]
[Black "C_K_G"]
[Result "1-0"]
[WhiteElo "2573"]
[BlackElo "2113"]
[TimeControl "180+1"]
[EndTime "8:06:29 PST"]
[Termination "santosalberto1987 won by checkmate"]

1. e4 c5 2. Nf3 d6 3. Bb5+ Bd7 4. c4 Nc6 5. Nc3 Nf6 6. O-O e6 7. d4 cxd4 8. Nxd4 Be7 9. Be3 O-O 10. f4 a6 11.
Bxc6 Bxc6 12. Nxc6 bxc6 13. h3 Qa5 14. Qd2 Rfe8 15. b3 Rad8 16. Rad1 Qc7 17. Kh1 d5 18. cxd5 cxd5 19. e5 Nd7 20. Ne2 Rc8 21. Rc1 Qb7 22. Nd4 Nc5 23. Qe2 Ne4 24. Kh2 Rxc1 25. Rxc1 Rc8 26.
Rxc8+ Qxc8 27. Qc2 Qb7 28. Qc6 Qb4 29. Qe8+ Bf8 30.
Nc6 Qa3 31. b4 h5 32. Ne7+ Kh7 33. Qxf8 Qxe3 34. Qg8+ Kh6 35. Qh8# 1-0

[Event "Early-Titled-Tuesday-Blitz-February-13-2024"]
[Site "Chess.com"]
[Date "2024.02.13"]
[Round "1"]
[White "Chess_Gainz"]
[Black "wonderfultime"]
[Result "0-1"]
[WhiteElo "2539"]
[BlackElo "3062"]
[TimeControl "180+1"]
[EndTime "8:06:31 PST"]
[Termination "wonderfultime won on time"]

1. e4 e5 2. Nf3 Nc6 3. Bb5 a6 4. Ba4 Bc5 5. c3 Nge7 6. O-O Ng6 7. d4 Ba7 8. Be3 O-O 9. Re1 d6 10. Nbd2 Kh8 11. Bc2 h6 12. h3 f5 13. exf5 Bxf5 14.
Bxf5 Rxf5 15. Qc2 Qd7 16. Rad1 exd4 17. Nxd4 Nxd4 18. cxd4 Raf8 19. Ne4 Nf4 20. Ng3 R5f7 21. d5 Bb6 22. Bxb6 cxb6 23. Qe4 Qb5 24. b3 Qc5 25.
Qe3 Qc2 26. Rd2 Qg6 27. Qe4 Qg5 28. Kh2 h5 29. Nf1 Ng6 0-1

[Event "Early-Titled-Tuesday-Blitz-February-13-2024"]
[Site "Chess.com"]
[Date "2024.02.13"]
[Round "1"]
[White "Logman74"]
[Black "jefferyx"]
[Result "0-1"]
[WhiteElo "2535"]
[BlackElo "3008"]
[TimeControl "180+1"]
[EndTime "8:06:32 PST"]
[Termination "jefferyx won on time"]

1. e4 c5 2. Nf3 d6 3. d4 cxd4 4. Nxd4 Nf6 5. Nc3 a6 6. f4 Qc7 7.
Nf3 Nc6 8. Bd3 e6 9. O-O b5 10. a3 Bb7 11. Kh1 Be7 12. Bd2 Na5 13. e5 dxe5 14. fxe5 Nd5 15. Ne4 Nc4 16. Bxc4 Qxc4 17. Nfg5 O-O 18. Qh5 h6 19. Nf6+ Nxf6 20. exf6 Bxf6 21. Rxf6 gxf6 22. Qxh6 Qxc2 23. Rc1 Qf5 24.
Nf3 Rac8 25. Rf1 Rfd8 26. Bc3 e5 27. Qh4 Rc4 0-1

[Event "Early-Titled-Tuesday-Blitz-February-13-2024"]
[Site "Chess.com"]
[Date "2024.02.13"]
[Round "1"]
[White "PedroGil25"]
[Black "blitzking1729"]
[Result "1-0"]
[WhiteElo "2411"]
[BlackElo "2708"]
[TimeControl "180+1"]
[EndTime "8:06:32 PST"]
[Termination "PedroGil25 won by resignation"]

1. e4 e5 2. Nf3 d6 3. d4 exd4 4. Qxd4 Nf6 5. Nc3 Be7 6. Bg5 O-O 7. O-O-O h6 8. Bh4 Nc6 9. Qd3 Ng4 10. Bxe7 Qxe7 11.
Qe2 Nge5 12. Nd5 Qd8 13. Nxe5 Nxe5 14. h3 c6 15. Nc3 Ng6 16. Qd2 Qf6 17. g3 Rd8 18. f4 Qe7 19. Bd3 Nf8 20. g4 b5 21.
Ne2 a5 22. Nd4 Bd7 23. Rhg1 g6 24. g5 hxg5 25. Rxg5 c5 26. Nf5 Bxf5 27. exf5 c4 28. Be2 Kh7 29. fxg6+ fxg6 30. f5 Qf6 31. fxg6+ Nxg6 32. Rdg1 Rg8 33. Rh5+ Kg7 34. Qh6+ Kf7 35. Rf1 Rh8 36.
Rxf6+ Kxf6 37. Qg5+ Kg7 38. Rxh8 Rxh8 39. Bh5 1-0

[Event "Early-Titled-Tuesday-Blitz-February-13-2024"]
[Site "Chess.com"]
[Date "2024.02.13"]
[Round "1"]
[White "LileKoridze"]
[Black "chessdjw"]
[Result "0-1"]
[WhiteElo "2429"]
[BlackElo "2773"]
[TimeControl "180+1"]
[EndTime "8:06:34 PST"]
[Termination "chessdjw won by resignation"]

1. d4 Nf6 2. c4 e6 3. Nf3 b6 4.
g3 Bb7 5. Bg2 Bb4+ 6. Bd2 c5 7.
O-O O-O 8. Bxb4 cxb4 9. Nbd2 a5 10. Qc2 d6 11. e4 Qc7 12. Rfe1 e5 13. Rad1 Re8 14.
Nb3 h6 15. Rc1 Nbd7 16. c5 Rec8 17. Nh4 bxc5 18. Nf5 Kh7 19. Qc4 Nb6 20. Qc2 c4 21.
dxe5 dxe5 22. Nd2 Ba6 23. Ne3 c3 24. bxc3 Qxc3 25. Qxc3 bxc3 26. Nb1 Na4 27. Red1 Rab8 28. Rd6 Be2 29. Bf1 Bxf1 30. Kxf1 Nxe4 0-1

[Event "Early-Titled-Tuesday-Blitz-February-13-2024"]
[Site "Chess.com"]
[Date "2024.02.13"]
[Round "1"]
[White "ejam94"]
[Black "Sam_ChessMood"]
[Result "0-1"]
[WhiteElo "2507"]
[BlackElo "2922"]
[TimeControl "180+1"]
[EndTime "8:06:36 PST"]
[Termination "Sam_ChessMood won by resignation"]

1. e4 c5 2. Nf3 e6 3. d4 cxd4 4. Nxd4 Nf6 5. Nc3 Nc6 6. a3 Be7 7. Be2 O-O 8. O-O d6 9. Be3 Bd7 10. f4 a6 11. Qd2 Qc7 12. Nxc6 Bxc6 13. Bf3 b5 14. Rad1 Rac8 15. f5 Qb7 16. Qd4 e5 17. Qd3 h6 18. Bf2 a5 19. b4 Rfd8 20. Bh4 axb4 21. axb4 Nh7 22. Bxe7 Qxe7 23. Nxb5 Bxb5 24. Qxb5 Rxc2 25. Qd3 Rcc8 26. b5 Nf6 27. b6 d5 28.
exd5 e4 29. Qe3 Qd6 30. Bxe4 Re8 31. Rd4 Qxb6 32. Qd3 Rxe4 33. Rd1 Rc1 34. Rxc1 Rxd4 35. Rc8+ Kh7 0-1

[Event "Early-Titled-Tuesday-Blitz-February-13-2024"]
[Site "Chess.com"]
[Date "2024.02.13"]
[Round "1"]
[White "Eeleyah"]
[Black "banhgiahuy2606"]
[Result "0-1"]
[WhiteElo "2366"]
[BlackElo "2699"]
[TimeControl "180+1"]
[EndTime "8:06:36 PST"]
[Termination "banhgiahuy2606 won by resignation"]

1. d4 Nf6 2. c4 g6 3. g3 Bg7 4. Bg2 O-O 5. Nc3 d6 6. Nf3 Bf5 7. Nh4 Bc8 8. O-O c5 9. d5 a6 10. Nf3 b5 11. cxb5 axb5 12. Nxb5 Ba6 13. Nc3 Nbd7 14.
Re1 Qa5 15. Qc2 Rfb8 16. h3 Ne8 17. Bd2 Nc7 18. a4 Qb6 19. a5 Qxb2 20. Qxb2 Rxb2 21. Na4 Rxd2 22. Nxd2 Bxa1 23. Rxa1 Bxe2 24. Nb3 Bc4 25.
Nb6 Bxb3 26. Nxa8 Nxa8 27. Rb1 c4 28. Bf1 e6 29. dxe6 fxe6 30. Bxc4 Bxc4 31. Rb7 Nc5 32. Rb8+ Kf7 33. Rxa8 d5 34. f4 Kf6 35. Kf2 e5 36. Ke3 d4+ 37. Kd2 exf4 38. gxf4 Kf5 39. Rf8+ Ke4 40. Rd8 Nb3+ 41. Kc2 Nxa5 42. Ra8 Nc6 43. Rc8 Nb4+ 44. Kd2 Be6 45. Re8 Kd5 46. h4 Bf5 47. Rd8+ Ke4 48. Re8+ Kxf4 49. Rh8 h5 50.
Rd8 d3 51. Rd4+ Kg3 52. Rxb4 Kf3 53. Rd4 Kf2 54. Rxd3 Bxd3 55. Kxd3 Kg3 0-1

[Event "Early-Titled-Tuesday-Blitz-February-13-2024"]
[Site "Chess.com"]
[Date "2024.02.13"]
[Round "1"]
[White "shimastream"]
[Black "Kunalm64"]
[Result "1-0"]
[WhiteElo "3010"]
[BlackElo "2535"]
[TimeControl "180+1"]
[EndTime "8:06:38 PST"]
[Termination "shimastream won by checkmate"]

1. e4 c6 2. d4 d5 3. Nc3 dxe4 4. Nge2 Nf6 5. Ng3 Bg4 6. Be2 Bxe2 7. Qxe2 e6 8. Ncxe4 Nxe4 9. Nxe4 Nd7 10. Bf4 Nf6 11. Nxf6+ Qxf6 12. Be5 Qg6 13. O-O Be7 14. Rad1 O-O 15.
Rd3 Bf6 16. Rg3 Qh6 17. f4 Rad8 18. c3 Bxe5 19. fxe5 f5 20. exf6 Rxf6 21. Rxf6 Qxf6 22. Re3 Re8 23. a4 h6 24. Re5 Qf7 25. a5 a6 26.
h3 Qd7 27. Qe4 Qf7 28. c4 Rf8 29. Rxe6 Qf2+ 30. Kh2 Qxb2 31. Re7 Qc1 32. Rxb7 Qxc4 33. Qe5 Qd5 34. Qxg7# 1-0